| TOP OF THE 1ST |
|
Pompano Beach Stingrays batting - Pitching for Daytona Beach Islanders : LHP Richard Herendeen
|
|
Pitching: LHP Richard Herendeen
|
|
|
Batting: RHB Jorge Villalobos
|
0-0: SINGLE (Groundball, 56D, EV 98.1 MPH)
|
|
Batting: SHB Gene Roof
|
0-0: Ground out 3-1 (Groundball, 34S, EV 83.1 MPH) Jorge Villalobos to second
|
|
Batting: RHB Jimmy Thomas
|
0-0: Called Strike Jorge Villalobos steals 3rd base 0-1: Ball 1-1: Called Strike 1-2: Ball 2-2: Fly out, F8 (Flyball, 8LXD, EV 94.4 MPH) Runner from 3rd tags up, SCORES, no throw by CF
|
|
Batting: RHB Mark Strucher
|
0-0: Swinging Strike 0-1: Ball 1-1: Foul Ball, location: 2F 1-2: Foul Ball, location: 2F 1-2: SINGLE (Line Drive, 6D, EV 97.5 MPH)
|
|
Batting: SHB Juan Molina
|
0-0: Ball 1-0: Ball 2-0: Called Strike 2-1: Ball 3-1: Base on Balls Mark Strucher to second
|
|
Batting: LHB Steve Phillips
|
0-0: Called Strike 0-1: Fly out, F7 (Flyball, 7, EV 96.9 MPH)
|
| Top of the 1st over - 1 run, 2 hits, 0 errors, 2 left on base; Pompano Beach 1 - Daytona Beach 0 |
| BOTTOM OF THE 1ST |
|
Daytona Beach Islanders batting - Pitching for Pompano Beach Stingrays : LHP Mathew Reeves
|
|
Pitching: LHP Mathew Reeves
|
|
|
Batting: SHB Michael Frierson
|
0-0: Called Strike 0-1: Ball 1-1: Ball 2-1: Reached via error on a dropped throw from 1B, E1 (Groundball, 34, EV 91.9 MPH)
|
|
Batting: RHB Kalvin Adams
|
0-0: Ball 1-0: Ball Michael Frierson steals 2nd base 2-0: Ball 3-0: Called Strike 3-1: Foul Ball, location: 2F 3-2: Foul Ball, location: 2F 3-2: Fly out, F9 (Flyball, 9S, EV 91.9 MPH)
|
|
Batting: RHB Randy Kutcher
|
0-0: Called Strike 0-1: Foul Ball, location: 2F 0-2: Fly out, F8 (Line Drive, 8RM, EV 103.1 MPH)
|
|
Batting: SHB Randle Granger
|
0-0: Called Strike 0-1: Ball 1-1: Foul Ball, location: 2F 1-2: Strikes out swinging
|
| Bottom of the 1st over - 0 runs, 0 hits, 1 error, 1 left on base; Pompano Beach 1 - Daytona Beach 0 |
| TOP OF THE 2ND |
|
Pompano Beach Stingrays batting - Pitching for Daytona Beach Islanders : LHP Richard Herendeen
|
|
Batting: LHB Arnold McCrary
|
0-0: Fly out, F6 (Flyball, 6D, EV 83.1 MPH)
|
|
Batting: RHB William Waag
|
0-0: Called Strike 0-1: Fly out, F7 (Flyball, 7LS, EV 90.6 MPH)
|
|
Batting: SHB Maury Ornest
|
0-0: Ball 1-0: Called Strike 1-1: Ball 2-1: Ground out 5-3 (Groundball, 5, EV 105.0 MPH)
|
| Top of the 2nd over - 0 runs, 0 hits, 0 errors, 0 left on base; Pompano Beach 1 - Daytona Beach 0 |
| BOTTOM OF THE 2ND |
|
Daytona Beach Islanders batting - Pitching for Pompano Beach Stingrays : LHP Mathew Reeves
|
|
Batting: RHB Columbus Duncan
|
0-0: Called Strike 0-1: Called Strike 0-2: Ball 1-2: Foul Ball, location: 2F 1-2: Strikes out swinging
|
|
Batting: RHB Michael Lavery
|
0-0: Swinging Strike 0-1: SINGLE (Groundball, 6D, EV 101.3 MPH)
|
|
Batting: RHB Steven Roberts
|
0-0: Ball 1-0: Ball Wild Pitch! Michael Lavery to second 2-0: Called Strike 2-1: Called Strike 2-2: Reached on error, E6 (Groundball, 6, EV 84.4 MPH) Michael Lavery to third
|
|
Batting: RHB Jeffrey Coker
|
0-0: Called Strike 0-1: Called Strike 0-2: Fly out, F1 (Popup, P, EV 74.4 MPH)
|
|
Batting: RHB Robert Whitfield
|
0-0: Foul Ball, location: 2F 0-1: Called Strike 0-2: Ball 1-2: Ball 2-2: Foul Ball, location: 2F 2-2: Strikes out looking
|
| Bottom of the 2nd over - 0 runs, 1 hit, 1 error, 2 left on base; Pompano Beach 1 - Daytona Beach 0 |
| TOP OF THE 3RD |
|
Pompano Beach Stingrays batting - Pitching for Daytona Beach Islanders : LHP Richard Herendeen
|
|
Batting: RHB Jorge Villalobos
|
0-0: Ball 1-0: Fly out, F7 (Flyball, 78S, EV 91.9 MPH)
|
|
Batting: SHB Gene Roof
|
0-0: Called Strike 0-1: Foul Ball, location: 2F 0-2: Ball 1-2: Foul Ball, location: 2F 1-2: Ball 2-2: Reached on error, E4 (Groundball, 4S, EV 86.3 MPH)
|
|
Batting: RHB Jimmy Thomas
|
0-0: Ball 1-0: Ball 2-0: Ball 3-0: Called Strike 3-1: Foul Ball, location: 2F 3-2: Foul Ball, location: 2F 3-2: Foul Ball, location: 2F 3-2: Foul Ball, location: 2F 3-2: Foul Ball, location: 2F 3-2: DOUBLE (Line Drive, 78M, EV 95.0 MPH) Gene Roof scores
|
|
Batting: RHB Mark Strucher
|
0-0: Ball 1-0: Called Strike 1-1: Swinging Strike 1-2: Ball 2-2: Fly out, F8 (Line Drive, 8LD, EV 98.8 MPH)
|
|
Batting: SHB Juan Molina
|
0-0: Ball Wild Pitch! Jimmy Thomas to third 1-0: Ball 2-0: Called Strike 2-1: Called Strike 2-2: Ball 3-2: Fly out, F3 (Popup, 3SF, EV 84.4 MPH)
|
| Top of the 3rd over - 1 run, 1 hit, 1 error, 1 left on base; Pompano Beach 2 - Daytona Beach 0 |
| BOTTOM OF THE 3RD |
|
Daytona Beach Islanders batting - Pitching for Pompano Beach Stingrays : LHP Mathew Reeves
|
|
Batting: SHB Michael Frierson
|
0-0: Called Strike 0-1: Ball 1-1: Fly out, F9 (Flyball, 89XD, EV 100.6 MPH)
|
|
Batting: RHB Kalvin Adams
|
0-0: Called Strike 0-1: Fly out, F7 (Flyball, 7D, EV 85.0 MPH)
|
|
Batting: RHB Randy Kutcher
|
0-0: Ground out 5-3 (Groundball, 56, EV 106.9 MPH)
|
| Bottom of the 3rd over - 0 runs, 0 hits, 0 errors, 0 left on base; Pompano Beach 2 - Daytona Beach 0 |
| TOP OF THE 4TH |
|
Pompano Beach Stingrays batting - Pitching for Daytona Beach Islanders : LHP Richard Herendeen
|
|
Batting: LHB Steve Phillips
|
0-0: Foul Ball, location: 2F 0-1: Foul Ball, location: 2F 0-2: Ball 1-2: Fly out, F8 (Flyball, 78D, EV 104.4 MPH)
|
|
Batting: LHB Arnold McCrary
|
0-0: Ball 1-0: Ball 2-0: Swinging Strike 2-1: Ball 3-1: Foul Ball, location: 2F 3-2: Ground out 6-3 (Groundball, 6, EV 101.9 MPH)
|
|
Batting: RHB William Waag
|
0-0: Ball 1-0: Ball 2-0: SINGLE (Flyball, 34D, EV 86.9 MPH)
|
|
Batting: SHB Maury Ornest
|
0-0: Ball 1-0: Foul Ball, location: 2F 1-1: Called Strike William Waag steals 2nd base (no throw) 1-2: Strikes out swinging
|
| Top of the 4th over - 0 runs, 1 hit, 0 errors, 1 left on base; Pompano Beach 2 - Daytona Beach 0 |
| BOTTOM OF THE 4TH |
|
Daytona Beach Islanders batting - Pitching for Pompano Beach Stingrays : LHP Mathew Reeves
|
|
Batting: SHB Randle Granger
|
0-0: Ball 1-0: Foul Ball, location: 2F 1-1: Ball 2-1: Foul Ball, location: 2F 2-2: Foul Ball, location: 2F 2-2: Ball 3-2: Foul Ball, location: 2F 3-2: SOLO HOME RUN (Flyball, 7D, EV 103.8 MPH), Distance : 374 ft
|
|
Batting: RHB Columbus Duncan
|
0-0: Ball 1-0: Swinging Strike 1-1: Foul Ball, location: 2F 1-2: Foul Ball, location: 2F 1-2: Foul Ball, location: 2F 1-2: Strikes out swinging
|
|
Batting: RHB Michael Lavery
|
0-0: Ball 1-0: Ball 2-0: Ball 3-0: Base on Balls
|
|
Batting: RHB Steven Roberts
|
0-0: Foul Ball, location: 2F 0-1: Ball Passed Ball! Michael Lavery to second 1-1: Foul Ball, location: 2F 1-2: Ball 2-2: Ball 3-2: Foul Ball, location: 2F 3-2: Fly out, F3 (Popup, 3SF, EV 70.6 MPH)
|
|
Batting: RHB Jeffrey Coker
|
0-0: Ball 1-0: Called Strike 1-1: Fly out, F9 (Flyball, 9LS, EV 91.3 MPH)
|
| Bottom of the 4th over - 1 run, 1 hit, 0 errors, 1 left on base; Pompano Beach 2 - Daytona Beach 1 |
| TOP OF THE 5TH |
|
Pompano Beach Stingrays batting - Pitching for Daytona Beach Islanders : LHP Richard Herendeen
|
|
Batting: RHB Jorge Villalobos
|
0-0: Ball 1-0: Ball 2-0: Ball 3-0: Base on Balls
|
|
Batting: SHB Gene Roof
|
0-0: Called Strike 0-1: Bunted foul 0-2: Ball 1-2: Fly out, F8 (Line Drive, 8RM, EV 105.6 MPH)
|
|
Batting: RHB Jimmy Thomas
|
0-0: Hit by Pitch Jorge Villalobos to second
|
|
Batting: RHB Mark Strucher
|
0-0: Ball 1-0: Called Strike 1-1: DOUBLE (Flyball, 8RXD, EV 100.6 MPH) Jorge Villalobos scores Jimmy Thomas to third
|
|
Batting: SHB Juan Molina
|
0-0: Intentional Walk
|
|
Batting: LHB Steve Phillips
|
0-0: Called Strike 0-1: Ball 1-1: Ball 2-1: Swinging Strike 2-2: Foul Ball, location: 2F 2-2: Strikes out swinging
|
|
Batting: LHB Arnold McCrary
|
0-0: Ball 1-0: Foul Ball, location: 2F 1-1: Ball 2-1: SINGLE (Groundball, 56S, EV 72.5 MPH) (infield hit) Jimmy Thomas scores Mark Strucher to third Juan Molina to second
|
|
Batting: RHB William Waag
|
0-0: Fly out, F9 (Flyball, 9, EV 85.0 MPH)
|
| Top of the 5th over - 2 runs, 2 hits, 0 errors, 3 left on base; Pompano Beach 4 - Daytona Beach 1 |
| BOTTOM OF THE 5TH |
|
Daytona Beach Islanders batting - Pitching for Pompano Beach Stingrays : LHP Mathew Reeves
|
|
Batting: RHB Robert Whitfield
|
0-0: Called Strike 0-1: SINGLE (Groundball, 4MS, EV 96.3 MPH)
|
|
Batting: SHB Michael Frierson
|
0-0: Ball 1-0: Ball 2-0: Called Strike 2-1: Ball 3-1: Base on Balls Robert Whitfield to second
|
|
Batting: RHB Kalvin Adams
|
0-0: Fly out, F5 (Popup, 5SF, EV 80.6 MPH)
|
|
Batting: RHB Randy Kutcher
|
0-0: Called Strike Robert Whitfield steals 3rd base 0-1: Called Strike Michael Frierson steals 2nd base (no throw) 0-2: Ball 1-2: Ball 2-2: Foul Ball, location: 2F 2-2: Ball 3-2: Fly out, F8 (Line Drive, 8RD, EV 91.3 MPH) Runner from 3rd tags up, SCORES, no throw by CF
|
|
Batting: SHB Randle Granger
|
0-0: Ball 1-0: Ground out 5-3 (Groundball, 56, EV 84.4 MPH)
|
| Bottom of the 5th over - 1 run, 1 hit, 0 errors, 1 left on base; Pompano Beach 4 - Daytona Beach 2 |
| TOP OF THE 6TH |
|
Pompano Beach Stingrays batting - Pitching for Daytona Beach Islanders : LHP Richard Herendeen
|
|
Batting: SHB Maury Ornest
|
0-0: Fly out, F6 (Flyball, 6MD, EV 95.0 MPH)
|
|
Batting: RHB Jorge Villalobos
|
0-0: Ball 1-0: Ground out U3 (Groundball, 34S, EV 91.9 MPH)
|
|
Batting: SHB Gene Roof
|
0-0: Called Strike 0-1: Ball 1-1: Ball 2-1: Ball 3-1: Foul Ball, location: 2F 3-2: Foul Ball, location: 2F 3-2: Ground out 6-3 (Groundball, 6, EV 90.0 MPH)
|
| Top of the 6th over - 0 runs, 0 hits, 0 errors, 0 left on base; Pompano Beach 4 - Daytona Beach 2 |
| BOTTOM OF THE 6TH |
|
Daytona Beach Islanders batting - Pitching for Pompano Beach Stingrays : LHP Mathew Reeves
|
|
Batting: RHB Columbus Duncan
|
0-0: Ball 1-0: Ball 2-0: Ball 3-0: Base on Balls
|
|
Batting: RHB Michael Lavery
|
0-0: Bunt missed! 0-1: Bunt missed! 0-2: Foul Ball, location: 2F 0-2: Foul Ball, location: 2F 0-2: Strikes out swinging
|
|
Batting: RHB Steven Roberts
|
0-0: Called Strike 0-1: Ball 1-1: Ball 2-1: Called Strike 2-2: Foul Ball, location: 2F 2-2: Foul Ball, location: 2F 2-2: Ball 3-2: Grounds into double play, 5-4-3 (Groundball, 56, EV 85.6 MPH)
|
| Bottom of the 6th over - 0 runs, 0 hits, 0 errors, 0 left on base; Pompano Beach 4 - Daytona Beach 2 |
| TOP OF THE 7TH |
|
Pompano Beach Stingrays batting - Pitching for Daytona Beach Islanders : LHP Richard Herendeen
|
|
Batting: RHB Jimmy Thomas
|
0-0: Ball 1-0: Ball 2-0: Called Strike 2-1: Fly out, F6 (Flyball, 6MD, EV 86.9 MPH)
|
|
Batting: RHB Mark Strucher
|
0-0: Called Strike 0-1: SOLO HOME RUN (Flyball, 89XD, EV 87.5 MPH), Distance : 395 ft
|
|
Pitching: RHP Michael Rostas
|
|
|
Batting: SHB Juan Molina
|
0-0: Called Strike 0-1: Ground out 6-3 (Groundball, 6, EV 76.3 MPH)
|
|
Batting: LHB Steve Phillips
|
0-0: Called Strike 0-1: SOLO HOME RUN (Flyball, 9D, EV 96.3 MPH), Distance : 359 ft
|
|
Batting: LHB Arnold McCrary
|
0-0: Foul Ball, location: 2F 0-1: Ball 1-1: Foul Ball, location: 2F 1-2: Strikes out swinging
|
| Top of the 7th over - 2 runs, 2 hits, 0 errors, 0 left on base; Pompano Beach 6 - Daytona Beach 2 |
| BOTTOM OF THE 7TH |
|
Daytona Beach Islanders batting - Pitching for Pompano Beach Stingrays : LHP Mathew Reeves
|
|
Batting: RHB Jeffrey Coker
|
0-0: Called Strike 0-1: Foul Ball, location: 2F 0-2: Foul Ball, location: 2F 0-2: Strikes out swinging
|
|
Batting: RHB Robert Whitfield
|
0-0: Ball 1-0: Ball 2-0: Called Strike 2-1: Foul Ball, location: 2F 2-2: Fly out, F9 (Flyball, 9S, EV 77.5 MPH)
|
|
Batting: SHB Michael Frierson
|
0-0: Foul Ball, location: 2F 0-1: Foul Ball, location: 2F 0-2: Foul Ball, location: 2F 0-2: Foul Ball, location: 2F 0-2: Ball 1-2: Foul Ball, location: 2F 1-2: TRIPLE (Flyball, 8RXD, EV 91.9 MPH)
|
|
Batting: RHB Kalvin Adams
|
0-0: Ball 1-0: Called Strike 1-1: Ball 2-1: Foul Ball, location: 2F 2-2: Foul Ball, location: 2F 2-2: Fly out, F7 (Line Drive, 7D, EV 87.5 MPH)
|
| Bottom of the 7th over - 0 runs, 1 hit, 0 errors, 1 left on base; Pompano Beach 6 - Daytona Beach 2 |
| TOP OF THE 8TH |
|
Pompano Beach Stingrays batting - Pitching for Daytona Beach Islanders : RHP Michael Rostas
|
|
Batting: RHB William Waag
|
0-0: Called Strike 0-1: Ball 1-1: DOUBLE (Groundball, 5L, EV 103.8 MPH)
|
|
Batting: SHB Maury Ornest
|
0-0: Called Strike 0-1: Foul Ball, location: 2F 0-2: Foul Ball, location: 2F 0-2: Foul Ball, location: 2F 0-2: Ball 1-2: Ball 2-2: Ball 3-2: Foul Ball, location: 2F 3-2: Base on Balls
|
|
Batting: RHB Jorge Villalobos
|
0-0: Bunt missed! 0-1: Bunt missed! 0-2: Foul Ball, location: 2F 0-2: Ball 1-2: Ball 2-2: Ball 3-2: Foul Ball, location: 2F 3-2: DOUBLE (Line Drive, 5D, EV 97.5 MPH) William Waag scores Maury Ornest to third
|
|
Batting: SHB Gene Roof
|
0-0: Called Strike 0-1: Ball 1-1: Swinging Strike 1-2: Foul Ball, location: 2F 1-2: Ball 2-2: Ball 3-2: Fly out, F8 (Flyball, 8LS, EV 78.1 MPH)
|
|
Batting: RHB Jimmy Thomas
|
0-0: Ground out 4-3 (Groundball, 4, EV 91.3 MPH) Maury Ornest scores Jorge Villalobos to third
|
|
Batting: RHB Mark Strucher
|
0-0: Called Strike 0-1: Called Strike 0-2: Ball 1-2: Ball 2-2: DOUBLE (Groundball, 5L, EV 100.6 MPH) Jorge Villalobos scores
|
|
Pinch Hitting: RHB Edward Lowery
|
0-0: Ball 1-0: Swinging Strike 1-1: Called Strike 1-2: Ball 2-2: Ball 3-2: Fly out, F8 (Flyball, 8LS, EV 92.5 MPH)
|
| Top of the 8th over - 3 runs, 3 hits, 0 errors, 1 left on base; Pompano Beach 9 - Daytona Beach 2 |
| BOTTOM OF THE 8TH |
|
Daytona Beach Islanders batting - Pitching for Pompano Beach Stingrays : LHP Mathew Reeves
|
|
Now at 1B: Terrell Salazar
|
|
|
Pinch Hitting: RHB Thomas Steinmetz
|
0-0: Ball 1-0: Called Strike 1-1: Ball 2-1: Ball 3-1: Foul Ball, location: 2F 3-2: Strikes out swinging
|
|
Batting: SHB Randle Granger
|
0-0: SOLO HOME RUN (Flyball, 7D, EV 101.3 MPH), Distance : 371 ft
|
|
Batting: RHB Columbus Duncan
|
0-0: Ball 1-0: Called Strike 1-1: Swinging Strike 1-2: Strikes out looking
|
|
Batting: RHB Michael Lavery
|
0-0: Foul Ball, location: 2F 0-1: Ball 1-1: Swinging Strike 1-2: Foul Ball, location: 2F 1-2: Ball 2-2: Strikes out looking
|
| Bottom of the 8th over - 1 run, 1 hit, 0 errors, 0 left on base; Pompano Beach 9 - Daytona Beach 3 |
| TOP OF THE 9TH |
|
Pompano Beach Stingrays batting - Pitching for Daytona Beach Islanders : RHP Michael Rostas
|
|
Pitching: RHP Paul Tarango
|
|
|
Now at 2B: Thomas Steinmetz
|
|
|
Batting: LHB Steve Phillips
|
0-0: Called Strike 0-1: Ground out 4-3 (Groundball, 4, EV 91.3 MPH)
|
|
Batting: LHB Arnold McCrary
|
0-0: Ball 1-0: Ball 2-0: Ball 3-0: Base on Balls
|
|
Batting: RHB William Waag
|
0-0: Grounds into double play, 6-4-3 (Groundball, 6, EV 81.3 MPH)
|
| Top of the 9th over - 0 runs, 0 hits, 0 errors, 0 left on base; Pompano Beach 9 - Daytona Beach 3 |
| BOTTOM OF THE 9TH |
|
Daytona Beach Islanders batting - Pitching for Pompano Beach Stingrays : LHP Mathew Reeves
|
|
Batting: RHB Steven Roberts
|
0-0: Called Strike 0-1: Called Strike 0-2: Strikes out looking
|
|
Batting: RHB Jeffrey Coker
|
0-0: Foul Ball, location: 2F 0-1: Foul Ball, location: 2F 0-2: Ball 1-2: Ball 2-2: Strikes out swinging
|
|
Batting: RHB Robert Whitfield
|
0-0: Ball 1-0: Fly out, F3 (Popup, 3SF, EV 88.1 MPH)
|
| Bottom of the 9th over - 0 runs, 0 hits, 0 errors, 0 left on base; Pompano Beach 9 - Daytona Beach 3 |
|